 Dungeon Crawl Stone Soup version 0.31.0-9-g3a7656b989 (webtiles) character file.

Game seed: 4493227445410236686

426 qw the Ducker (level 6, -3/30 HPs)
             Began as a Spriggan Hunter on Feb 3, 2024.
             Slain by a killer bee (4 damage)
             ... on level 3 of the Dungeon.
             The game lasted 00:00:12 (2349 turns).

qw the Ducker (Spriggan Hunter)                     Turns: 2349, Time: 00:00:12

Health: -3/30      AC:  2    Str:  7    XL:     6   Next: 64%
Magic:  7/7        EV: 22    Int: 10    God:
Gold:   192        SH:  5    Dex: 21    Spells: 5/5 levels left

rFire   . . .        b - +2 orcbow (heavy)
rCold   . . .        (shield currently unavailable)
rNeg    . . .        c - +0 robe
rPois   .            (helmet restricted)
rElec   .            (no cloak)
rCorr   .            (gloves unavailable)
SInv    +            (boots unavailable)
Will    +....        f - amulet of reflection
Stlth   ++           (no ring)
HPRegen 0.25/turn    (no ring)
MPRegen 0.10/turn

%: reflection
@: lethally poisoned (-3 -> -9), very quick
A: very small, no large weapons, unfitting armour, see invisible, speed 3
a: no special abilities


You were on level 3 of the Dungeon.
You visited 1 branch of the dungeon, and saw 4 of its levels.

You collected 192 gold pieces.


Innate Abilities, Weirdness & Mutations

You are very small and have problems with some larger weapons.
You are too small for most types of armour.
You have supernaturally acute eyesight. (SInv)
You cover ground extremely quickly. (Speed+++)


   Skills:
 - Level 2.0 Fighting
 + Level 6.2 Ranged Weapons
 - Level 6.9 Dodging
 - Level 1.5 Stealth


You had 5 spell levels left.
You didn't know any spells.
Your spell library was empty.

Inventory:

Hand Weapons
 b - a +2 heavy orcbow (weapon)
Armour
 c - a +0 robe (worn)
Jewellery
 f - an amulet of reflection (around neck)
Wands
 j - a wand of flame (26)
Potions
 d - 3 potions of mutation
 e - 2 potions of curing

Dungeon Overview and Level Annotations

Branches:
Dungeon (4/15)
 Temple: D:4-7

Altars:
Makhleb
The Shining One


Message History

The killer bee misses you. The killer bee completely misses you.
The killer bee closely misses you. x2
You shoot an arrow. The arrow barely misses the killer bee.
You block the killer bee's attack. The killer bee barely misses you.
The killer bee misses you. The killer bee closely misses you.
The killer bee completely misses you. The killer bee barely misses you.
A hobgoblin comes into view.
The killer bee completely misses you. The killer bee closely misses you.
2343 ||| STAIRDANCE The killer bee closely misses you.
The killer bee completely misses you. The killer bee closely misses you.
You block the killer bee's attack.
You climb upwards.
There is a stone staircase leading down here.
You shoot an arrow. The arrow misses the killer bee.
You block the killer bee's attack. The killer bee barely misses you.
The killer bee stings you but does no damage.
The killer bee misses you. x2; The killer bee completely misses you. x2
The killer bee closely misses you.
You shoot an arrow.
The arrow closely misses the killer bee.
You block the killer bee's attack. The killer bee stings you!
The killer bee misses you. The killer bee closely misses you.
The killer bee barely misses you. The killer bee misses you.
You shoot an arrow. The arrow misses the killer bee.
You block the killer bee's attack. The killer bee closely misses you.
The killer bee stings you.
You are poisoned.
The killer bee poisons you! The killer bee stings you.
You are lethally poisoned!
The killer bee poisons you! The killer bee barely misses you. x2
The killer bee misses you. The killer bee completely misses you.
You shoot an arrow. The arrow hits the killer bee!!
You kill the killer bee!
You feel extremely sick. The killer bee barely misses you.
The killer bee completely misses you. x2
Your Ranged Weapons skill increases to level 6!
You shoot an arrow. The arrow misses the killer bee.
You feel very sick. The killer bee misses you. The killer bee stings you.
You die...

##########)###.##
................#
................#
................#
................#
................#
................#
.........(......#################
..(............y@...........?....
...............%.################
.................########
........................#
......)...........##########
......[...........#### #.#
........[.........##.# #.#
.....................# #.#
..................#..# #.#


You could see a killer bee.

Vanquished Creatures
  Sigmund (D:2)
  2 killer bees (D:3)
  2 hounds (D:3)
  Jessica (D:2)
  An adder (D:3)
  4 ribbon worms
  2 orcs
  3 ball pythons
  7 bats
  6 endoplasms
  3 giant cockroaches (D:2)
  9 hobgoblins
  6 jackals
  5 quokkas
  4 frilled lizards
  5 kobolds
  9 rats
70 creatures vanquished.

Notes
Turn   | Place    | Note
-------+----------+-------------------------------------------
     0 | D:1      | qw the Spriggan Hunter began the quest for the Orb.
     0 | D:1      | Reached XP level 1. HP: 10/10 MP: 2/2
     0 | D:1      | 0 ||| qw: Version: 0.3-a-155-g5e7d8dd
     0 | D:1      | 0 ||| qw: Game counter: 2940
     0 | D:1      | 0 ||| qw: Melee chars always use a shield: true
     0 | D:1      | 0 ||| qw: God list: Okawaru
     0 | D:1      | 0 ||| qw: Allow faded altars: false
     0 | D:1      | 0 ||| qw: Do Orc after clearing Dungeon:15 true
     0 | D:1      | 0 ||| qw: Do second Lair branch before Depths: true
     0 | D:1      | 0 ||| qw: Lair rune preference: random
     0 | D:1      | 0 ||| qw: Goals: Normal
     0 | D:1      | 0 ||| PLANNING D:1-11
    73 | D:1      | Reached skill level 3 in Dodging
   211 | D:1      | Reached XP level 2. HP: 14/14 MP: 3/3
   342 | D:1      | Noticed a shining eye
   369 | D:1      | Found a faded altar of an unknown god.
   371 | D:1      | Noticed an eye of devastation
   371 | D:1      | Noticed a glass eye
   371 | D:1      | Noticed a golden eye
   549 | D:1      | You fall into a shaft and drop 1 floor!
   573 | D:2      | 573 ||| UPGRADING to amulet of reflection.
   578 | D:2      | 578 ||| DROPPING scroll of butterflies.
   809 | D:1      | 809 ||| READING scroll labelled EGEFYN ZOWETYKK.
   963 | D:2      | Reached XP level 3. HP: 18/18 MP: 4/4
   970 | D:2      | 970 ||| FLEEEEING.
   975 | D:2      | 975 ||| FLEEEEING.
  1008 | D:2      | Noticed Jessica
  1010 | D:2      | Killed Jessica
  1087 | D:2      | Noticed Sigmund
  1102 | D:2      | Killed Sigmund
  1103 | D:2      | Reached skill level 6 in Dodging
  1103 | D:2      | Reached XP level 4. HP: 22/22 MP: 5/5
  1103 | D:2      | Reached XP level 5. HP: 25/25 MP: 6/6
  1285 | D:2      | Identified the +0 robe of Makhleb's Delight {Stlth+}
  1534 | D:2      | 1534 ||| DROPPING +0 robe of Makhleb's Delight {Stlth+}.
  1535 | D:2      | 1535 ||| DROPPING amulet of guardian spirit.
  1536 | D:2      | 1536 ||| READING 2 scrolls labelled CEEPHI JAELU.
  1536 | D:2      | 1536 ||| IDENTIFYING fizzy white potion
  1537 | D:2      | 1537 ||| READING scroll of identify.
  1537 | D:2      | 1537 ||| IDENTIFYING 2 smoky coppery potions
  1538 | D:2      | 1538 ||| READING scroll labelled IRHUANE XUGI.
  1538 | D:2      | 1538 ||| BRANDING +0 shortbow.
  1539 | D:2      | 1539 ||| READING scroll labelled LUTWITO MIHIFU.
  1539 | D:2      | 1539 ||| ENCHANTING +0 shortbow of flaming.
  1540 | D:2      | 1540 ||| READING scroll labelled BEUNGO MOUTO.
  1541 | D:2      | 1541 ||| DRINKING 3 coppery potions.
  1542 | D:2      | 1542 ||| DROPPING 2 potions of invisibility.
  1543 | D:2      | 1543 ||| DROPPING potion of magic.
  1590 | D:3      | 1590 ||| STAIRDANCE
  1598 | D:3      | 1598 ||| STAIRDANCE
  1633 | D:3      | 1633 ||| STAIRDANCE
  1690 | D:3      | Reached XP level 6. HP: 30/30 MP: 7/7
  1697 | D:3      | Found a glowing golden altar of the Shining One.
  1954 | D:3      | Found a burning altar of Makhleb.
  2202 | D:3      | 2202 ||| READING 3 scrolls of identify.
  2202 | D:3      | 2202 ||| IDENTIFYING 3 grey potions
  2203 | D:3      | 2203 ||| READING 2 scrolls of identify.
  2203 | D:3      | 2203 ||| IDENTIFYING scroll labelled IFISTR COEC
  2204 | D:3      | 2204 ||| READING scroll of identify.
  2204 | D:3      | 2204 ||| IDENTIFYING scroll labelled BUDDYN ZYRU
  2205 | D:3      | 2205 ||| READING scroll labelled EHUDDOP ZUSSUE.
  2205 | D:3      | Identified a scroll of acquirement
  2205 | D:3      | 2205 ||| ACQUIRING +2 heavy orcbow
  2205 | D:3      | Acquired a +2 heavy orcbow
  2207 | D:3      | 2207 ||| SWAPPING to +2 heavy orcbow.
  2208 | D:3      | 2208 ||| DROPPING +1 shortbow of flaming.
  2209 | D:3      | 2209 ||| READING 2 scrolls labelled FOISHROIGHO.
  2310 | D:3      | 2310 ||| DROPPING scroll of fear.
  2311 | D:3      | 2311 ||| DROPPING scroll of blinking.
  2312 | D:3      | 2312 ||| DROPPING scroll of vulnerability.
  2328 | D:4      | 2328 ||| STAIRDANCE
  2335 | D:4      | 2335 ||| STAIRDANCE
  2343 | D:4      | 2343 ||| STAIRDANCE
  2348 | D:3      | HP: 6/30 [poisoned by a killer bee]
  2349 | D:3      | Reached skill level 6 in Ranged Weapons
  2349 | D:3      | HP: 1/30 [poisoned by a killer bee]
  2349 | D:3      | Slain by a killer bee

Levels and vault maps discovered:
D:1:      heliophobic_arrival_ceremonial_halls, layout_basic,
          hellmonk_ecumenical_altar_watching_god
D:2:      layout_basic, uniq_sigmund, uniq_jessica
D:3:      layout_basic, mainiacjoe_overflow_surrounded_room,
          overflow_temple_1_default, st_stairs_10
D:4:      layout_gridville, nicolae_ru_the_path_less_chosen, lemuel_tele_altar,
          minmay_temple_entry_mini_moons, guppyfry_early_lair_pool, uniq_robin

Skill      XL: |  1  2  3  4  5  6 |
---------------+-------------------+-----
Dodging        | 3 4 6 |  6.9
Ranged Weapons | 5 6 |  6.2
Fighting       | 2 |  2.0
Stealth        | |  1.5

Action                     |  1- 3 |  4- 6 || total
---------------------------+-------+-------++-------
   Fire: Shortbow          |   109 |    88 ||   197
         Orcbow            |       |    13 ||    13
    Use: Scroll            |     1 |    10 ||    11
         Potion            |       |     1 ||     1
 Armour: Robe              |     8 |     8 ||    16
  Dodge: Dodged            |    36 |    71 ||   107
  Block: Other             |     2 |    18 ||    20
         Reflection        |       |     1 ||     1

Table legend:
 A = Non-vault XP
 B = Vault XP
 C = Vault XP percentage of total XP
 D = Non-vault monster count
 E = Vault monster count
 F = Vault count percentage of total count
                 A         B        C        D         E       F
            +---------+---------+-------+---------+---------+-------
      Total |     335 |     274 |  45.0 |      65 |       5 |   7.1
            +---------+---------+-------+---------+---------+-------
        D:1 |      35 |       0 |   0.0 |      22 |       0 |   0.0
        D:2 |      50 |     273 |  84.5 |      23 |       4 |  14.8
        D:3 |     250 |       1 |   0.4 |      20 |       1 |   4.8
            +---------+---------+-------+---------+---------+-------
